 Dungeon Crawl Stone Soup version 0.18-a0-1789-gbeff17f (webtiles) character file.

158 dwjmeijer the Covered (level 5, -4/33 HPs)
             Began as a Gargoyle Fighter on Apr 21, 2016.
             Killed by divine providence
             ... invoked by an orc priest
              (15 damage)
             ... on level 4 of the Dungeon.
             The game lasted 00:05:15 (2460 turns).

dwjmeijer the Covered (Gargoyle Fighter)            Turns: 2460, Time: 00:05:16

Health: -4/33      AC: 15    Str: 21    XL:     5   Next: 40%
Magic:  5/5        EV:  8    Int:  8    God:
Gold:   86         SH:  9    Dex:  9    Spells: 0 memorised, 4 levels left

rFire  . . .     SeeInvis +     a - +0 flail
rCold  . . .     Gourm    .     b - +0 scale mail
rNeg   + . .     Faith    .     c - +0 shield
rPois  ∞         Spirit   .     k - +1 helmet
rElec  +         Dismiss  .     w - +0 cloak
rCorr  .         Reflect  .     y - +0 pair of gloves
SustAt .         Harm     .     (no boots)
MR     .....                    z - amulet of regeneration
Stlth  ..........               (no ring)
                                r - ring of see invisible

@: not resistant to hostile enchantments, extremely unstealthy
A: negative energy resistance 1, electricity resistance, unbreathing,
petrification resistance, rot immunity, AC +4
a: no special abilities


You were on level 4 of the Dungeon.
You were not hungry.

You visited 1 branch of the dungeon, and saw 4 of its levels.

You collected 86 gold pieces.

Inventory:

Hand Weapons
 a - a +0 flail (weapon)
Armour
 b - a +0 scale mail (worn)
 c - a +0 shield (worn)
 k - a +1 helmet (worn)
 w - a +0 cloak (worn)
 y - a +0 pair of gloves (worn)
Jewellery
 m - an uncursed amulet of magic regeneration
 r - a ring of see invisible (left hand)
 z - an amulet of regeneration (around neck)
Scrolls
 e - a scroll of teleportation {unknown}
 g - a scroll of remove curse {unknown}
 o - a scroll of fog {unknown}
 p - 2 scrolls of magic mapping {unknown}
 q - a scroll of identify {unknown}
 t - 2 scrolls of blinking {unknown}
 x - a scroll of amnesia {unknown}
Potions
 d - 2 potions of might
 i - a potion of cancellation {unknown}
 j - a potion of lignification {unknown}
 n - a potion of cure mutation {unknown}
 s - a potion of heal wounds {unknown}
 u - a potion of flight {unknown}
 v - a potion of berserk rage {unknown}
Comestibles
 f - 3 bread rations
 h - 3 meat rations
 l - a slice of pizza
 A - a chunk of flesh


   Skills:
 + Level 3.9 Fighting
 + Level 2.9 Maces & Flails
 + Level 4.4 Armour
 + Level 1.2 Dodging
 + Level 4.1 Shields


You had 4 spell levels left.
You didn't know any spells.

Dungeon Overview and Level Annotations

Branches:
Dungeon (4/15)
 Temple: D:4-7

Altars:
Ashenzari


Innate Abilities, Weirdness & Mutations

You are resistant to torment.
Your stone body is resilient (AC +4).
You are immune to poison.
You resist negative energy.
You are resistant to electric shocks.
You can survive without breathing.
You are immune to petrification.
You are immune to rotting.


Message History

You block the orc priest's attack. The orc hits you but does no damage.
You block the orc's attack. You block the orc warrior's attack.
You sock the orc priest!
The orc priest is almost dead.
The orc priest hits you with a dagger. The orc hits you but does no damage.
The orc barely misses you. You block the orc warrior's attack.
Your shield and scale mail prevent you from hitting the orc priest.
The orc priest is almost dead.
The orc priest hits you but does no damage.
The orc hits you but does no damage. The orc barely misses you.
The orc warrior hits you from afar with a halberd.
You block the orc priest's attack.
You closely miss the orc priest.
The orc priest is severely wounded.
The orc wizard gestures wildly while chanting.
The orc wizard blinks!
The orc hits you but does no damage. You block the orc's attack.
The orc warrior barely misses you.
The orc priest mumbles some strange prayers to Beogh against you.
Beogh smites you!
You die...

#### #### #.. ..#
#.# #.# ####<####
####.####.......#
##
#.........##.##.#
<.
#.##.#######...
.. ####.#.##....#
####.###
#......o@..#.## #
#......oo.......
#..####o#######.#


.oo . #.$.8 ##(.o. #.!#.( #..$#.# ..#. .# You could see an orc warrior, an orc
priest and 3 orcs.

Vanquished Creatures
  An orc priest (D:3)
  A worker ant (D:4)
  3 adders
  2 oozes
  A worm (D:2)
  2 dart slugs (D:2)
  2 giant geckos (D:3)
  3 orcs
  A ball python (D:2)
  5 bats
  4 giant cockroaches
  6 goblins
  2 hobgoblins
  4 jackals (D:1)
  6 kobolds
  A giant newt (D:1)
  17 rats
61 creatures vanquished.

Notes
Turn   | Place    | Note
--------------------------------------------------------------
     0 | D:1      | dwjmeijer the Gargoyle Fighter began the quest for the Orb.
     0 | D:1      | Reached XP level 1. HP: 14/14 MP: 1/1
    26 | D:1      | Found a shattered altar of Ashenzari.
    58 | D:1      | Reached XP level 2. HP: 15/19 MP: 2/2
   251 | D:1      | Reached XP level 3. HP: 24/24 MP: 3/3
   911 | D:2      | Reached XP level 4. HP: 29/29 MP: 4/4
  1403 | D:3      | Reached skill level 1 in Dodging
  2058 | D:3      | Reached XP level 5. HP: 31/33 MP: 5/5
  2449 | D:4      | Noticed an orc warrior
  2460 | D:4      | Killed from afar by an orc priest

Vault maps used:
D:1:      erik_arrival_orb_chamber, ashenzari_altar_1
D:3:      serial_co_window_serial, co_window_cross_1, co_window_paths_a,
          co_window_of_opportunity_a, co_window_cross_1,
          co_window_of_opportunity_a, co_window_corner_a,
          co_window_of_opportunity_a, co_window_corner_a, co_window_paths_b,
          co_window_broadway_c, co_window_corner_b, co_window_corner_b,
          co_window_of_opportunity_c, co_window_paths_e, co_window_paths_d,
          glass_columns_a, glass_columns_a
D:4:      guppyfry_early_orc_mine, uniq_crazy_yiuf_cottage, uniq_duvessa

Skill      XL: |  1  2  3  4 |
---------------+-------------+-----
Armour         | 4 |  4.4
Dodging        | 1 |  1.2
Shields        | 4 |  4.1
Fighting       | |  3.9
Maces & Flails | |  2.9

Action                   |  1- 3 |  4- 6 || total
-------------------------+-------+-------++-------
Melee: Flail             |   119 |    86 ||   205
  Eat: Chunk             |       |     5 ||     5
Armor: Scale mail        |    53 |    43 ||    96
Dodge: Dodged            |    40 |    30 ||    70
Block: Shield            |    59 |    49 ||   108
